 Dungeon Crawl Stone Soup version 0.29.1-2-gbd0b4ee654 (webtiles) character file.

Game seed: 1778151400763304090

5066 Avanven the Thaumaturge (level 10, -6/73 HPs)
             Began as a Djinni Fire Elementalist on Nov 5, 2022.
             Was a Priest of Makhleb.
             Mangled by an orc warrior
             ... wielding a +0 war axe
              (19 damage)
             ... on level 9 of the Dungeon.
             The game lasted 00:19:14 (10648 turns).

Avanven the Thaumaturge (Djinni Fire Elementalist) Turns: 10648, Time: 00:19:15

Health: -6/73      AC:  5    Str: 11    XL:     10   Next: 86%
Gold:   597        EV: 12    Int: 22    God:    Makhleb [***...] SH:  0 Dex: 13

rFire   + + .      SeeInvis .   v - +3 war axe "Qaduqeg" {vorpal, rPois Str+4}
rCold   . . .      Faith    .   (no shield)
rNeg    + . .      Spirit   .   a - +1 robe
rPois   ∞          Reflect  .   (no helmet)
rElec   .          Harm     .   s - +1 cloak
rCorr   .          Rampage  .   (no gloves)
Will    +....                   (boots unavailable)
Stlth   ++........              (no amulet)
HPRegen 0.22/turn               n - ring of protection from cold
MPRegen 0.00/turn               p - ring of positive energy

@: flying, studying Long Blades
A: sickness immunity, fire resistance 2, cold vulnerability 1, float, innate
caster, HP casting, extra vitality 1
a: Renounce Religion, Minor Destruction, Lesser Servant of Makhleb


You were on level 9 of the Dungeon.
You worshipped Makhleb.
Makhleb was most pleased with you.
You visited 2 branches of the dungeon, and saw 10 of its levels.

You collected 597 gold pieces.

Inventory:

Hand Weapons
 v - the +3 war axe "Qaduqeg" (weapon) {vorpal, rPois Str+4}
   (You found it on level 7 of the Dungeon)

   It inflicts extra damage upon your enemies.
   Str:       It affects your strength (+4).
   rPois:     It protects you from poison.
Missiles
 k - a throwing net
Armour
 a - a +1 robe (worn)
 s - a +1 cloak (worn)
Jewellery
 n - a ring of protection from cold (left hand)
 p - a ring of positive energy (right hand)
Wands
 b - a wand of quicksilver (11)
 i - a wand of iceblast (23)
 t - a wand of polymorph (9)
Scrolls
 c - 3 scrolls of teleportation
 f - 7 scrolls of identify
 j - 3 scrolls of immolation
 o - 2 scrolls of fear
 q - 4 scrolls of enchant armour
 r - a scroll of fog
Potions
 d - a potion of haste {unknown}
 e - a potion of heal wounds
 g - 6 potions of curing
 h - a potion of brilliance
 m - 2 potions of attraction {unknown}
 u - a potion of might {unknown}


   Skills:
 + Level 6.6 Fighting
 - Level 2.1 Dodging
 - Level 1.5 Stealth
 * Level 12.4 Spellcasting


You had 11 spell levels left.
You knew the following spells:

 Your Spells              Type           Power      Damage    Failure   Level
a - Foxfire               Conj/Fire      100%       2x1d9     1%          1
b - Scorch                Fire           100%       2d10      1%          2
c - Conjure Flame         Conj/Fire      62%        6-21      1%          3
d - Inner Flame           Hex/Fire       62%        N/A       1%          3
e - Flame Wave            Conj/Fire      62%        2d14      1%          4
f - Beastly Appendage     Tmut           100%       N/A       1%          1
g - Blink                 Tloc           100%       N/A       1%          2
h - Frozen Ramparts       Ice            100%       1d16      1%          3
i - Confusing Touch       Hex            62%        N/A       1%          3
Your spell library was empty.

Dungeon Overview and Level Annotations

Branches:
Dungeon (9/15)             Temple (1/1) D:4
   Lair: D:8-11         Orc: D:9-12

Altars:
Ashenzari
Cheibriados
Dithmenos
Elyvilon
Fedhas
Gozag
Hepliaklqana
Makhleb
Nemelex Xobeh
Okawaru
Qazlal
Ru
Uskayaw
Wu Jian
Xom
Yredelemnul

Shops:
D:4 =   D:7 :

Annotations:
D:7 1 runed translucent door, PanSaczeczos's ghost, novice DjAE


Innate Abilities, Weirdness & Mutations

You are immune to sickness and miasma.
You are immune to poison.
Your flesh is very heat resistant. (rF++)
You are vulnerable to cold. (rC-)
You float through the air rather than walking.
You learn spells naturally, not from books.
Your magical power is your life essence.
You have superior vitality. (+4 MHP)


Message History

You hear a shout! x2
An orc comes into view. It is wielding a +0 hand axe.
A wave of flame ripples out!
The flame wave engulfs the orc!!
The orc is burned terribly!
You kill the orc!
Makhleb accepts your kill.
Casting: Flame Wave (safe; 1% risk of failure)
Confirm with . or Enter, or press ? or * to list all spells.
Flames lash the orc.
You kill the orc!
Makhleb accepts your kill.
You feel better.
Casting: Scorch (safe; 1% risk of failure)
Confirm with . or Enter, or press ? or * to list all spells.
Flames lash the orc warrior.
The orc warrior is lightly wounded.
The orc warrior's fire resistance burns away.
You hear a shout!
Casting: Scorch (safe; 1% risk of failure)
Confirm with . or Enter, or press ? or * to list all spells.
Casting: Flame Wave (safe; 1% risk of failure)
Press: ? - help, Dir - look around, f - activate A wave of flame ripples out! (Press . to intensify the flame waves.)
You hear a shout!
A wave of flame ripples out!
The flame wave engulfs the orc warrior!
The orc warrior is burned terribly!
The orc warrior is moderately wounded.
An orc comes into view. It is wielding a +0 flail.
The orc warrior hits you with a +0 war axe!
* * * LOW HITPOINT WARNING * * *
A wave of flame ripples out!
The flame wave engulfs the orc warrior but does no damage.
The orc warrior is moderately wounded.
* * * LOW HITPOINT WARNING * * *
You finish channelling waves of flame.
You hear a shout!
The orc warrior is no longer more vulnerable to fire.
The orc warrior hits you with a +0 war axe!!
You die...

#......)...+
#..........#
#...)......#
########.###
####..#
#<....#
#.....#
#.....#
#.)@..#
+.o...#
#)##..# #o#
#..# #..
#..# #...
..+ ..#. ..#
#. ..#


You could see an orc warrior and an orc.

Vanquished Creatures
  A two-headed ogre (D:8)
  Eustachio (D:6)
  2 steam dragons (D:8)
  A warg (D:9)
  4 water moccasins
  4 orc warriors
  A black bear (D:7)
  3 ice beasts
  A sky beast (D:7)
  2 ogres
  A centaur (D:8)
  4 phantoms
  2 kobold brigands
  4 scorpions
  2 bullfrogs (D:7)
  A necrophage (D:6)
  4 killer bees (D:8)
  3 howler monkeys (D:7)
  6 hounds
  2 jellies
  6 orc priests
  Crazy Yiuf (D:2)
  An iguana (D:5)
  7 orc wizards
  4 gnolls (D:4)
  5 adders
  2 shadow imps (D:7)
  2 white imps (D:5)
  An ufetubus (D:4)
  2 worms
  3 dart slugs
  34 orcs
  5 bats
  6 endoplasms
  A giant cockroach (D:3)
  4 hobgoblins
  6 jackals
  5 quokkas
  6 ball pythons
  12 frilled lizards
  A goblin (D:3)
  18 kobolds
  3 rats
184 creatures vanquished.

Vanquished Creatures (collateral kills)
  3 foxfires (D:8)
3 creatures vanquished.

Vanquished Creatures (others)
  321 foxfires
  A fungus (D:2)
  9 plants (D:5)
331 creatures vanquished.

Grand Total: 518 creatures vanquished

Notes
Turn   | Place    | Note
-------+----------+-------------------------------------------
     0 | D:1      | Avanven the Djinni Fire Elementalist began the quest for
                  | the Orb.
     0 | D:1      | Avanven set off with the following spells memorised:
                  | Foxfire, Scorch, Conjure Flame, Inner Flame, Flame Wave.
     0 | D:1      | Reached XP level 1. HP: 15/15 MP: 0/0
   386 | D:1      | Reached XP level 2. HP: 19/22 MP: 0/0
   737 | D:1      | Reached skill level 1 in Fighting
  1152 | D:1      | Reached XP level 3. HP: 25/27 MP: 0/0
  1152 | D:1      | Learned a level 1 spell: Beastly Appendage
  1323 | D:1      | Reached skill level 3 in Spellcasting
  1655 | D:2      | Identified the +4 hammer of Winter {vorpal, rPois Dex-4
                  | Stlth+}
  1664 | D:2      | Found a runed translucent door.
  1665 | D:2      | Noticed Crazy Yiuf
  1857 | D:2      | Reached XP level 4. HP: 26/33 MP: 0/0
  2556 | D:2      | Killed Crazy Yiuf
  2868 | D:3      | Reached XP level 5. HP: 36/38 MP: 0/0
  2868 | D:3      | Learned a level 2 spell: Blink
  3542 | D:4      | Found Haqiylid's Jewellery Shoppe.
  3674 | D:4      | Reached skill level 4 in Spellcasting
  3921 | D:4      | Noticed an ogre
  3927 | D:4      | Killed an ogre
  3928 | D:4      | Reached XP level 6. HP: 40/46 MP: 0/0
  4012 | D:4      | Found a staircase to the Ecumenical Temple.
  4073 | D:4      | Reached XP level 7. HP: 41/50 MP: 0/0
  4073 | D:4      | Learned a level 3 spell: Frozen Ramparts
  4082 | Temple   | Entered the Ecumenical Temple
  4225 | Temple   | Became a worshipper of Makhleb the Destroyer
  4566 | D:4      | Reached skill level 5 in Spellcasting
  4992 | D:4      | Reached skill level 11 in Spellcasting
  4992 | D:4      | Reached XP level 8. HP: 58/58 MP: 0/0
  5044 | D:5      | Entered Level 5 of the Dungeon
  5550 | D:5      | Reached * piety under Makhleb
  6328 | D:5      | Reached XP level 9. HP: 48/63 MP: 0/0
  6328 | D:5      | Learned a level 3 spell: Confusing Touch
  7067 | D:6      | Noticed Eustachio
  7077 | D:6      | Killed Eustachio
  7479 | D:6      | Reached ** piety under Makhleb
  7637 | D:6      | Reached skill level 5 in Fighting
  8188 | D:7      | Identified the +3 war axe "Qaduqeg" {vorpal, rPois Str+4}
  8192 | D:7      | Found a runed translucent door.
  8245 | D:7      | Reached XP level 10. HP: 49/70 MP: 0/0
  8479 | D:7      | Found Cihanat's Tremendous Tomes.
  8624 | D:7      | Noticed PanSaczeczos's ghost (novice DjAE)
  8790 | D:7      | Reached skill level 12 in Spellcasting
  9138 | D:8      | Found an ornate altar of the Wu Jian Council.
  9138 | D:8      | Found a hazy altar of Hepliaklqana.
  9144 | D:8      | Found a sparkling altar of Nemelex Xobeh.
  9207 | D:8      | Noticed a two-headed ogre
  9214 | D:8      | Killed a two-headed ogre
  9495 | D:8      | Reached *** piety under Makhleb
 10648 | D:9      | Mangled by an orc warrior

Illustrated notes

Levels and vault maps discovered:
D:1:      dpeg_arrival_rooms_a, layout_basic, serial_bayou_crossing
D:2:      layout_loops_ring, kennysheep_cross_room, uniq_crazy_yiuf_cottage
D:3:      layout_rooms, serial_park_tiny_1
D:4:      layout_basic, minmay_temple_entry_arrows, serial_shops, shop,
          kennysheep_generic_room_5
D:5:      layout_loops_corners, serial_rivers, chequers_serial_rivers_marsh,
          chequers_serial_rivers_micro_a, chequers_serial_rivers_micro_c,
          chequers_serial_rivers_small_a, grunt_decor_clamped,
          minmay_lizard_king
D:6:      layout_basic, sigmund_army, uniq_eustachio
D:7:      layout_cave_pools, hellmonk_ghost_happy_afterlife,
          nicolae_shop_i_like_big_books
D:8:      layout_cave_pools, gammafunk_temple_overflow_forgotten,
          enter_bailey_2, corexii_checkpoint_a, amcnicky_mini_pool_small
D:9:      layout_roguey, nicolae_overflow_quartered_altars, erik_orc_3
Temple:   regret_index_temple_waves

Skill      XL: |  1  2  3  4  5  6  7  8  9 10 |
---------------+-------------------------------+-----
Fighting       | 1 2 3 4 5 6 |  6.6
Spellcasting   | 3 4 11 12 | 12.4
Dodging        | |  2.1
Stealth        | |  1.5

Action                   |  1- 3 |  4- 6 |  7- 9 | 10-12 || total
-------------------------+-------+-------+-------+-------++-------
Melee: Unarmed           |     3 |       |       |       ||     3
 Cast: Foxfire           |    22 |    32 |    61 |    82 ||   197
       Scorch            |    19 |    44 |    77 |    43 ||   183
       Flame Wave        |       |       |     6 |     4 ||    10
       Conjure Flame     |       |       |     4 |     1 ||     5
       Inner Flame       |       |       |     2 |       ||     2
       Blink             |       |       |     1 |       ||     1
       Frozen Ramparts   |       |       |     1 |       ||     1
  Use: Scroll            |       |       |    15 |     1 ||    16
       Potion            |       |       |     1 |       ||     1
Armor: Robe              |     4 |     3 |     3 |     7 ||    17
Dodge: Dodged            |    17 |     8 |     9 |    25 ||    59
